 Dungeon Crawl Stone Soup version 0.21.0-3-g78d12a8 (webtiles) character file.

636380 Megalobster the Axe Maniac (level 26, -5/387 HPs)
             Began as a Minotaur Berserker on Jan 11, 2018.
             Was a High Priest of Trog.
             Slain by a golden dragon (8 damage)
             ... on level 4 of the Realm of Zot.
             The game lasted 05:12:02 (77613 turns).

Megalobster the Axe Maniac (Minotaur Berserker)    Turns: 77613, Time: 05:12:02

Health: -5/387     AC: 33    Str: 29      XL:     26   Next: 93%
Magic:  11/11      EV:  2    Int:  6      God:    Trog [*****.]
Gold:   3305       SH:  0    Dex: 15 (16) Spells: 25/25 levels left

rFire    + + .     SeeInvis .   a - +9 executioner's axe (antimagic)
rCold    + . .     Gourm    .   (shield currently unavailable)
rNeg     + + +     Faith    .   (armour currently unavailable)
rPois    +         Spirit   .   (helmet currently unavailable)
rElec    .         Reflect  +   (cloak currently unavailable)
rCorr    +         Harm     .   (gloves currently unavailable)
MR       +++..     NoTele   +   (boots currently unavailable)
Stlth    +.........             n - amulet of Foolhardiness {Reflect rF+ SH+3}
HPRegen  1.74/turn              I - ring of Iblirir {rPois rF+ rC+ rN+ Str-4}
MPRegen  0.12/turn              e - ring of resist corrosion

@: confused, mighty, tree-form, berserk cooldown, regenerating, slowed, very
slow
A: (retaliatory headbutt), clever 1, deterioration 1, evolution 1, MP-powered
wands
}: 4/15 runes: decaying, slimy, silver, gossamer
a: Berserk, Trog's Hand, Brothers in Arms, Burn Spellbooks, Renounce Religion


You were on level 4 of the Realm of Zot.
You worshipped Trog.
Trog was extremely pleased with you.
You were not hungry.
You were a tree.
You visited 10 branches of the dungeon, and saw 51 of its levels.
You visited 1 bazaar.
You also visited: Trove, Ice Cave and Volcano.

You collected 6341 gold pieces.
You spent 3036 gold pieces at shops.

Inventory:

Hand Weapons
 a - a +9 antimagic executioner's axe (weapon)
 b - a +5 executioner's axe of protection
Missiles
 w - 38 tomahawks (quivered)
Armour
 i - the +1 pair of boots of the Monk (melded) {+Inv Dex-2 Slay+2}
   (You found it in a treasure trove)

   It affects your dexterity (-2).
   It affects your accuracy and damage with ranged weapons and melee attacks
   (+2).
   It lets you turn invisible.
 v - a +2 pair of gloves of archery (melded)
 F - the +8 fire dragon scales "Yhis Sai" (melded) {rElec rF++ rC- Str+4 Dex+5 Stlth+}
   (You took it off a yaktaur captain on level 5 of the Vaults)

   It affects your strength (+4).
   It affects your dexterity (+5).
   It greatly protects you from fire.
   It makes you vulnerable to cold.
   It insulates you from electricity.
   It makes you more stealthy.
 H - a scarf of resistance (melded)
 Q - a +2 hat of magic resistance (melded)
Jewellery
 e - a ring of resist corrosion (right branch)
 h - an uncursed ring of see invisible
 n - the amulet of Foolhardiness (around neck) {Reflect rF+ SH+3}
   (You took it off a yaktaur captain on level 5 of the Vaults)

   [amulet of reflection]

   It shields you and reflects attacks.
   It protects you from fire.
   It affects your SH (+3).
 G - an uncursed ring of positive energy
 I - the ring of Iblirir (left branch) {rPois rF+ rC+ rN+ Str-4}
   (You found it on level 5 of the Vaults)

   [ring of protection from cold]

   It affects your strength (-4).
   It protects you from fire.
   It protects you from cold.
   It protects you from poison.
   It protects you from negative energy.
Wands
 j - a wand of acid (4)
 u - a wand of digging (26)
 z - a wand of iceblast (26)
 E - a wand of paralysis (52)
 P - a wand of clouds (19)
 T - a wand of enslavement (58)
 V - a wand of scattershot (5)
 X - a wand of flame (121)
Scrolls
 d - 11 scrolls of fog
 o - 6 scrolls of fear
 r - 28 scrolls of teleportation
 t - 4 scrolls of blinking
 y - 12 scrolls of remove curse {@r2}
 U - 2 scrolls of summoning
 W - 28 scrolls of identify {@r1}
Potions
 g - 12 potions of curing {@q1}
 l - 2 potions of agility
 m - a potion of might
 p - 4 potions of haste
 x - 8 potions of heal wounds
 A - 10 potions of lignification
 B - a potion of cancellation
 K - 6 potions of ambrosia
 N - 3 potions of resistance
 R - 6 potions of flight
Miscellaneous
 f - 4 boxes of beasts
 k - 2 phantom mirrors
 q - a lightning rod (4/4)
 J - a phial of floods
 L - a lamp of fire
 M - 3 sacks of spiders
Comestibles
 c - 58 rations
 s - a chunk of flesh


   Skills:
 + Level 25.3 Fighting
 O Level 27 Axes
 + Level 24.1 Armour
 + Level 24.7 Dodging
 + Level 16.4 Evocations


You had 25 spell levels left.
You didn't know any spells.

Dungeon Overview and Level Annotations

Branches:
Dungeon (15/15)            Temple (1/1) D:5            Lair (6/6) D:9
  Swamp (4/4) Lair:2       Spider (4/4) Lair:2        Slime (5/5) Lair:6
    Orc (2/2) D:11            Elf (0/3) Orc:2        Vaults (5/5) D:14
  Crypt (0/3) Vaults:2     Depths (5/5) D:15            Zot (4/5) Depths:5

Altars:
Ashenzari
Cheibriados
Dithmenos
Elyvilon
Fedhas
Gozag
Hepliaklqana
Kikubaaqudgha
Makhleb
Nemelex Xobeh
Okawaru
Qazlal
Ru
Sif Muna
Trog
Uskayaw
Vehumet
Wu Jian
Xom
Yredelemnul
Zin
The Shining One
Jiyva

Shops:
Orc:2 (}!![(?*   Vaults:1 }   Vaults:4 =   Vaults:5 (   Depths:2 !*(

Portals:
Hell: Depths:1 Depths:2 Depths:3 Depths:4 Depths:5
Abyss: Depths:3 Depths:4
Pandemonium: Depths:1 Depths:3 Depths:4
Ziggurat: Depths:4

Annotations:
Depths:5 1 runed door
Zot:3 2 transporters


Innate Abilities, Weirdness & Mutations

((You reflexively headbutt those who attack you in melee.))
((You have a pair of horns on your head.))
Your mind is acute. (Int +2)
Your body sometimes deteriorates upon taking damage.
((Your system is resistant to poisons. (rPois)))
You evolve.
You expend magic power (3 MP) to strengthen your wands.


Message History

* * * LOW HITPOINT WARNING * * *
The golden dragon bites you but does no damage.
The golden dragon barely misses you.
The golden dragon tramples you but does no damage.
The moth of wrath bites you but does no damage.
The golden dragon bites you!!
* * * LOW HITPOINT WARNING * * *
The golden dragon claws you.
* * * LOW HITPOINT WARNING * * *
The golden dragon tramples you but does no damage.
The black draconian hits you but does no damage.
The moth of wrath completely misses you.
You take 47 damage, and have 21/387 hp.
You are confused.
You feel invigorated.
You feel the effects of Trog's Hand fading.
The golden dragon bites you!!
* * * LOW HITPOINT WARNING * * *
The golden dragon claws you!
You die...

##>......##
##.......##
####.......##
##.........##
#.....?..[##
## ...###..##
#. ##>(## #
##. ##..##
#y###.. ##♣y##
#...... ##dD##
###....###.y##
#......)#..##
#.....)...##
#........##
#.......##
.......##
......#


You could see a golden dragon (berserk), a black draconian (berserk) and 2 moths
of wrath.

Vanquished Creatures
  the Royal Jelly (Slime:5)
  2 ancient liches
  An orb of fire (Zot:2)
  Mara (Depths:1)
  Mennas (Depths:4)
  2 juggernauts (Depths:3)
  Sojobo (Depths:1)
  Bai Suzhen (Vaults:3)
  Boris (Vaults:3)
  the Lernaean hydra (Swamp:4)
  A curse toe (Zot:1)
  10 golden dragons
  Xtahua (Depths:3)
  A caustic shrike (Depths:3)
  Nikola (Swamp:1)
  Arachne (Spider:2)
  2 bone dragons (Depths:5)
  2 electric golems
  A Brimstone Fiend (Depths:5)
  22 tentacled monstrosities
  2 liches
  The ghost of loralnil the Tortoise, an adept MiFi of Yredelemnul (Vaults:1)
  An Ice Fiend (Depths:5)
  5 quicksilver dragons
  7 titans
  10 death cobs
  8 sphinxes
  Gastronok (Orc:1)
  25 acid blobs
  2 thorn hunters
  6 tengu reavers
  Kirke (D:12)
  Agnes (Spider:3)
  6 shadow dragons
  4 draconian monks
  10 storm dragons
  10 azure jellies
  9 frost giants
  4 deep elf sorcerers
  2 draconian knights
  6 fire giants
  3 draconian stormcallers
  9 ghost moths
  An iron dragon (Depths:5)
  An orc warlord (Orc:1)
  A juggernaut zombie (Depths:3)
  3 emperor scorpions
  16 vault wardens
  2 draconian scorchers
  2 balrugs (Depths:5)
  6 draconian shifters
  20 ironheart preservers
  Louise (Swamp:4)
  2 ghouls
  4 draconian annihilators
  2 deep elf elementalists (Vaults:5)
  12 very ugly things
  A caustic shrike skeleton (Depths:1)
  A war gargoyle (Vaults:5)
  14 stone giants
  A reaper (Depths:4)
  7 entropy weavers
  11 black draconians
  2 vampire knights
  A deep elf annihilator (Vaults:3)
  3 deep elf demonologists
  Nessos (D:14)
  10 green draconians
  12 purple draconians
  12 red draconians
  9 white draconians
  14 yellow draconians
  The ghost of Dirian the Carver, a journeyman MiFi of Makhleb (D:13)
  3 blizzard demons
  Snorg (Lair:4)
  3 spark wasps
  12 ettins
  8 death oozes (Slime:5)
  11 fire dragons
  15 ogre magi
  3 jiangshi (Depths:2)
  25 yaktaur captains
  38 vault guards
  12 great orbs of eyes
  8 ice dragons
  2 monstrous demonspawn
  6 spriggan air magi
  6 rakshasas
  27 hydras
  6 ghost crabs
  2 catoblepae
  7 centaur warriors
  45 two-headed ogres
  5 alligators
  A queen ant (Spider:3)
  A dancing weapon (Vaults:5)
  6 death knights
  A hell hog (Depths:5)
  11 deep troll earth magi
  3 death yaks (IceCv)
  7 tengu warriors
  5 deep troll shamans
  5 spriggan berserkers
  3 vampire magi
  5 spriggans
  7 sun demons
  A shadow wraith (Vaults:4)
  4 deep elf knights
  2 infernal demonspawn
  7 skeletal warriors
  An unseen horror (D:14)
  A storm dragon skeleton (Vaults:5)
  A hell knight (Depths:5)
  4 flayed ghosts
  2 iron trolls (Depths:1)
  4 wizards
  A torturous demonspawn (Depths:4)
  4 spriggan druids
  3 glowing orange brains
  37 deep trolls
  Pikel (D:4)
  5 deep elf archers (Vaults:3)
  2 shambling mangroves
  17 ironbrand convokers
  A tengu zombie (Vaults:2)
  9 swamp dragons
  4 harpies
  A harpy (shapeshifter) (Vaults:5)
  13 orc knights
  5 oklob plants
  6 phantasmal warriors
  6 necromancers
  12 orb spiders
  3 orc sorcerers
  7 shining eyes
  51 ugly things
  A human zombie (Vaults:2)
  6 manticores
  15 deep elf magi
  3 salamanders (Volcano)
  28 wolf spiders
  A salamander (shapeshifter) (Vaults:5)
  12 cyclopes
  3 black mambas
  31 moths of wrath
  An ice statue (IceCv)
  A guardian serpent (shapeshifter) (Vaults:3)
  A rust devil (Depths:3)
  A frost giant skeleton (Depths:1)
  A spriggan zombie (Depths:3)
  4 apocalypse crabs (Swamp:3)
  13 vault sentinels
  2 centaur zombies
  2 torpor snails
  4 eyes of devastation
  An orange demon (Depths:3)
  15 elephants
  42 spiny frogs
  3 rime drakes (Lair:5)
  6 komodo dragons
  A hellion (Depths:3)
  58 yaktaurs
  5 kobold demonologists
  An efreet (Swamp:3)
  9 demonic crawlers
  6 ice devils (Depths:5)
  A hellwing (Depths:1)
  17 trolls
  7 freezing wraiths
  A red devil (Depths:3)
  2 tengu conjurers
  A yaktaur skeleton (Vaults:2)
  A merfolk (shapeshifter) (Vaults:5)
  12 tyrant leeches
  34 jumping spiders
  A golden dragon simulacrum (Depths:3)
  6 meliai
  A queen bee (Lair:5)
  A troll (shapeshifter) (Depths:3)
  A merfolk (D:9)
  12 hornets
  20 polar bears (IceCv)
  14 bog bodies
  A snapping turtle (shapeshifter) (Vaults:1)
  23 blink frogs
  134 slime creatures
  4 dream sheep (Lair:4)
  An elf zombie (Vaults:5)
  15 hippogriffs
  A hippogriff (shapeshifter) (Vaults:3)
  19 tarantellas
  An ettin skeleton (Depths:1)
  3 shadows
  9 air elementals
  3 spriggans (shapeshifter)
  56 redbacks
  A wyvern (shapeshifter) (D:15)
  10 water elementals
  A ynoxinul (Depths:1)
  57 yaks
  4 wraiths
  13 wyverns
  A vampire (D:11)
  6 fire bats (Volcano)
  12 golden eyes
  2 hogs (D:12)
  2 humans (D:12)
  A yak (shapeshifter) (Vaults:1)
  2 chaos spawn
  23 vampire mosquitoes
  4 basilisks
  2 golden eyes (shapeshifter)
  3 steam dragons
  4 hungry ghosts
  A basilisk (shapeshifter) (Depths:5)
  11 insubstantial wisps
  2 wargs
  23 swamp worms
  A deep troll zombie (Vaults:5)
  The ghost of letownia2 the Ruffian, an amateur GrFi (D:4)
  6 acid dragons
  11 hell hounds (Depths:5)
  10 soldier ants
  13 porcupines
  15 water moccasins
  A deep troll skeleton (Vaults:5)
  44 orc warriors
  A hornet zombie (D:14)
  4 phantoms
  3 sky beasts
  3 slaves (D:4)
  12 ice beasts
  14 swamp drakes
  4 black bears
  4 boggarts (Vaults:2)
  5 eyes of draining
  2 necrophages
  An ettin simulacrum (Vaults:1)
  50 ogres
  7 centaurs
  20 wolves
  19 crocodiles
  6 big kobolds
  27 bullfrogs
  A wyvern zombie (D:11)
  6 scorpions
  40 killer bees
  An orc simulacrum (Vaults:2)
  13 wights
  3 howler monkeys
  7 electric eels
  8 crimson imps
  A bullfrog zombie (D:12)
  A quasit (D:12)
  5 hounds
  5 jellies
  4 centaur skeletons
  23 orc priests
  4 bullfrog skeletons
  27 orc wizards
  Ijyb (D:4)
  3 iron imps
  3 iguanas
  A hell rat (Lair:5)
  30 worker ants
  A hound skeleton (D:10)
  Robin (D:2)
  2 worker ant zombies
  5 gnolls
  9 adders
  4 shadow imps
  2 white imps (Vaults:1)
  3 ufetubi (Depths:1)
  An ooze (D:2)
  An adder skeleton (D:5)
  A worm (D:2)
  A dart slug (D:3)
  7 leopard geckos
  112 orcs
  8 bats
  5 giant cockroaches
  25 goblins
  14 hobgoblins
  5 jackals
  4 quokkas
  A ball python (D:8)
  4 frilled lizards
  14 kobolds
  A leopard gecko skeleton (D:4)
  A quokka skeleton (D:5)
  A quokka zombie (D:7)
  7 rats
  6 briar patches (Swamp:3)
  A butterfly (D:7)
  4 fungi
  32 plants
2493 creatures vanquished.

Vanquished Creatures (collateral kills)
  A fire giant (Vaults:5)
  2 vault wardens
  A very ugly thing (Depths:1)
  A white draconian (Zot:2)
  2 yellow draconians (Zot:2)
  A purple draconian (Zot:2)
  2 vault guards (Vaults:4)
  A fire dragon (Volcano)
  5 hydras
  A two-headed ogre (Depths:1)
  A vault sentinel (Vaults:5)
  A troll (Orc:1)
  2 vampire mosquitoes (Lair:2)
  3 orc warriors (Orc:1)
  An ogre (Orc:1)
  A crocodile (Lair:4)
  2 wights (D:12)
  2 orc priests (Orc:1)
  An iguana (D:12)
  6 orcs (Orc:1)
  A plant (Lair:6)
38 creatures vanquished.

Vanquished Creatures (others)
  A red draconian (Zot:3)
  2 vault guards (Vaults:5)
  A spriggan air mage (Depths:5)
  A deep troll shaman (Depths:5)
  A hell hog (Depths:5)
  A titan zombie (Depths:4)
  A deep troll (Depths:5)
  2 spriggan druids (Swamp:3)
  A golden dragon skeleton (Depths:4)
  A tengu simulacrum (Depths:4)
  A wyvern (Volcano)
  3 humans
  A swamp worm (Swamp:1)
  An insubstantial wisp (Swamp:4)
  An orc warrior (Vaults:5)
  A glowing shapeshifter simulacrum (Depths:4)
  An adder (D:4)
  54 fungi
  68 plants
143 creatures vanquished.

Grand Total: 2674 creatures vanquished

Notes
Turn   | Place    | Note
-------+----------+-------------------------------------------
     0 | D:1      | Megalobster the Minotaur Berserker began the quest for the Orb.
     0 | D:1      | Reached XP level 1. HP: 19/19 MP: 0/0
   272 | D:1      | Reached XP level 2. HP: 27/27 MP: 1/1
   396 | D:1      | Reached skill level 4 in Axes
   748 | D:2      | Found a blossoming altar of Fedhas.
   788 | D:2      | Noticed Robin
   801 | D:2      | Killed Robin
   801 | D:2      | Reached XP level 3. HP: 33/33 MP: 2/2
   875 | D:2      | Reached ** piety under Trog
  1149 | D:2      | Found a radiant altar of Vehumet.
  1259 | D:2      | Reached XP level 4. HP: 35/40 MP: 3/3
  1436 | D:3      | Reached skill level 5 in Axes
  1437 | D:3      | Reached XP level 5. HP: 44/47 MP: 4/4
  1674 | D:3      | Found a sparkling altar of Nemelex Xobeh.
  1879 | D:4      | Noticed Pikel
  1879 | D:4      | Noticed a slave
  1879 | D:4      | Noticed a slave
  1879 | D:4      | Noticed a slave
  1881 | D:4      | Noticed a slave
  1887 | D:4      | Killed a slave
  1893 | D:4      | Killed a slave
  1894 | D:4      | Killed a slave
  1896 | D:4      | Killed Pikel
  1896 | D:4      | Reached skill level 5 in Fighting
  1896 | D:4      | Reached skill level 7 in Axes
  1896 | D:4      | Reached XP level 6. HP: 25/56 MP: 5/5
  1896 | D:4      | Reached XP level 7. HP: 27/61 MP: 6/6
  2150 | D:4      | Noticed letownia2's ghost (amateur GrFi)
  2157 | D:4      | Killed letownia2's ghost
  2157 | D:4      | Reached skill level 5 in Armour
  2240 | D:4      | Reached *** piety under Trog
  2292 | D:4      | Noticed Ijyb
  2306 | D:4      | Killed Ijyb
  2655 | D:4      | Found a glowing golden altar of the Shining One.
  2720 | D:4      | Found a bloodstained altar of Trog.
  2730 | D:4      | Reached skill level 8 in Axes
  2730 | D:4      | Reached XP level 8. HP: 70/70 MP: 0/7
  2734 | D:4      | Reached skill level 5 in Dodging
  3557 | D:5      | Entered Level 5 of the Dungeon
  3557 | D:5      | Found a staircase to the Ecumenical Temple.
  3629 | Temple   | Entered the Ecumenical Temple
  3864 | D:5      | Found a shadowy altar of Dithmenos.
  4109 | D:5      | Found a white marble altar of Elyvilon.
  4203 | D:6      | Reached skill level 9 in Axes
  4559 | D:6      | Reached skill level 1 in Evocations
  5058 | D:7      | Reached XP level 9. HP: 79/79 MP: 9/9
  5317 | D:7      | Reached skill level 10 in Axes
  5425 | D:7      | Found a shimmering altar of Xom.
  5430 | D:7      | Reached **** piety under Trog
  5873 | D:7      | Found a hazy altar of Hepliaklqana.
  6313 | D:8      | Reached XP level 10. HP: 88/88 MP: 12/12
  6497 | D:8      | Identified a scroll of acquirement
  6500 | D:8      | Got a jewelled plate armour
  6511 | D:8      | Identified the +6 plate armour of Woigut {Int+4 Stlth-} (You acquired it on level 8 of the Dungeon)
  6727 | D:8      | Reached skill level 11 in Axes
  7071 | D:9      | Reached skill level 5 in Evocations
  7297 | D:9      | Found a staircase to the Lair.
  7737 | D:9      | Reached ***** piety under Trog
  7951 | Lair:1   | Entered Level 1 of the Lair of Beasts
  8282 | Lair:1   | Noticed a spiny frog
  8308 | Lair:1   | Killed a spiny frog
  8308 | Lair:1   | Reached skill level 12 in Axes
  8482 | Lair:1   | Found a dark tunnel.
  8489 | Volcano  | Entered a volcano
  8505 | Volcano  | Reached XP level 11. HP: 88/97 MP: 14/14
  8550 | Volcano  | Noticed a two-headed ogre
  8551 | Volcano  | Noticed a two-headed ogre
  8569 | Volcano  | Killed a two-headed ogre
  8998 | Volcano  | Killed a two-headed ogre
  9319 | Volcano  | Noticed a two-headed ogre
  9325 | Volcano  | Killed a two-headed ogre
  9463 | Volcano  | Noticed a fire dragon
  9472 | Volcano  | Killed a fire dragon
  9472 | Volcano  | Reached skill level 13 in Axes
 10125 | Lair:2   | Found a hole to the Spider Nest.
 10366 | Lair:2   | Reached skill level 10 in Fighting
 10554 | Lair:2   | Reached XP level 12. HP: 106/106 MP: 14/17
 10610 | Lair:2   | Noticed a five-headed hydra
 10622 | Lair:2   | Killed a five-headed hydra
 10739 | Lair:2   | Reached skill level 10 in Armour
 10811 | Lair:2   | Noticed a five-headed hydra
 10817 | Lair:2   | Killed a five-headed hydra
 10966 | Lair:2   | Found a staircase to the Swamp.
 11365 | Lair:3   | Reached skill level 14 in Axes
 11833 | Lair:3   | Noticed an eight-headed hydra
 11844 | Lair:3   | Killed an eight-headed hydra
 12745 | Lair:4   | Noticed a six-headed hydra
 12746 | Lair:4   | Noticed Snorg
 12761 | Lair:4   | Killed a six-headed hydra
 12767 | Lair:4   | Killed Snorg
 12935 | Lair:4   | Reached skill level 10 in Dodging
 12939 | Lair:4   | Reached XP level 13. HP: 116/116 MP: 12/19
 13523 | Lair:5   | Found a frozen archway.
 13596 | IceCv    | Entered an ice cave
 13922 | IceCv    | Reached skill level 10 in Evocations
 13933 | IceCv    | Reached skill level 15 in Axes
 14583 | IceCv    | Noticed a white draconian
 14602 | IceCv    | Killed a white draconian
 15153 | IceCv    | Received a gift from Trog
 15450 | Lair:5   | You fall through a shaft!
 15450 | Lair:6   | Entered Level 6 of the Lair of Beasts
 15937 | Lair:5   | Reached XP level 14. HP: 125/125 MP: 5/21
 16368 | Lair:5   | Reached skill level 16 in Axes
 18007 | Lair:6   | Got an ichor-stained flail
 18558 | Lair:6   | Found a staircase to the Slime Pits.
 18559 | Lair:6   | Found a viscous altar of Jiyva.
 19086 | D:9      | Identified the cursed +2 flail of Miamio {flame, Dex+5} (You found it on level 6 of the Lair of Beasts)
 19100 | D:10     | Entered Level 10 of the Dungeon
 19465 | D:10     | Found a stormy altar of Qazlal.
 20087 | D:11     | Received a gift from Trog
 20603 | D:11     | Reached skill level 17 in Axes
 20930 | D:11     | Found a staircase to the Orcish Mines.
 21031 | Orc:1    | Entered Level 1 of the Orcish Mines
 21139 | Orc:2    | Entered Level 2 of the Orcish Mines
 21139 | Orc:2    | Found Raugamu's General Store.
 21164 | Orc:2    | Bought a scroll of teleportation for 45 gold pieces
 21164 | Orc:2    | Bought a scroll of identify for 30 gold pieces
 21170 | Orc:2    | Found Yrghoun's Distillery.
 21215 | Orc:2    | Bought a potion of resistance for 120 gold pieces
 21244 | Orc:2    | Reached XP level 15. HP: 130/134 MP: 22/22
 21646 | Orc:2    | Found Qamir's Antique Weapon Emporium.
 21918 | Orc:2    | Found Bidaatac's Antique Weapon Emporium.
 21923 | Orc:2    | Found Uduut's Distillery.
 21927 | Orc:2    | Found Asull's Gadget Shoppe.
 21933 | Orc:2    | Found Caqipnos's Armour Shoppe.
 21935 | Orc:2    | Found Zaremaeg's Magic Scroll Boutique.
 21975 | Orc:2    | Received a gift from Trog
 22000 | Orc:2    | Found a staircase to the Elven Halls.
 22937 | Orc:1    | Noticed an orc warlord
 22945 | Orc:1    | Killed an orc warlord
 22966 | Orc:1    | Noticed Gastronok
 22978 | Orc:1    | Killed Gastronok
 23432 | Orc:2    | Bought a potion of ambrosia for 128 gold pieces
 23432 | Orc:2    | Bought a potion of haste for 160 gold pieces
 23432 | Orc:2    | Bought a potion of agility for 64 gold pieces
 23443 | Orc:2    | Bought a scroll of fog for 26 gold pieces
 23443 | Orc:2    | Bought a scroll of blinking for 97 gold pieces
 23443 | Orc:2    | Bought a scroll of teleportation for 39 gold pieces
 23443 | Orc:2    | Bought 3 scrolls of identify for 78 gold pieces
 23443 | Orc:2    | Bought a scroll of teleportation for 39 gold pieces
 23500 | Orc:2    | Bought a potion of ambrosia for 96 gold pieces
 23500 | Orc:2    | Bought a potion of might for 48 gold pieces
 23500 | Orc:2    | Bought a potion of mutation for 96 gold pieces
 23500 | Orc:2    | Bought a potion of might for 48 gold pieces
 23500 | Orc:2    | Bought a potion of ambrosia for 96 gold pieces
 23500 | Orc:2    | Bought a potion of lignification for 36 gold pieces
 23955 | D:12     | Reached skill level 18 in Axes
 23965 | D:12     | Noticed Kirke
 23973 | D:12     | Killed Kirke
 23973 | D:12     | Received a gift from Trog
 24326 | D:12     | Found a flickering gateway to a bazaar.
 24339 | Bazaar   | Entered a bazaar
 24339 | Bazaar   | Found Kumos's Food Shoppe.
 24339 | Bazaar   | Found Baolioxi's Gadget Emporium.
 24339 | Bazaar   | Found Kestuv's Jewellery Emporium.
 24389 | Bazaar   | Bought a ration for 65 gold pieces
 24389 | Bazaar   | Bought a ration for 65 gold pieces
 24389 | Bazaar   | Bought a ration for 65 gold pieces
 24389 | Bazaar   | Bought a ration for 65 gold pieces
 24389 | Bazaar   | Bought a ration for 65 gold pieces
 24389 | Bazaar   | Bought a ration for 65 gold pieces
 24952 | D:13     | Noticed Dirian's ghost (journeyman MiFi)
 24958 | D:13     | Killed Dirian's ghost
 25155 | D:13     | Found a portal to a secret trove of treasure.
 26345 | Orc:2    | Bought 2 potions of flight for 96 gold pieces
 26345 | Orc:2    | Bought a potion of flight for 48 gold pieces
 26477 | D:14     | Reached XP level 16. HP: 133/146 MP: 7/23
 26488 | D:14     | Found a gate to the Vaults.
 27165 | D:14     | Reached skill level 19 in Axes
 27383 | D:14     | Noticed Nessos
 27582 | D:14     | Killed Nessos
 28017 | D:15     | Entered Level 15 of the Dungeon
 28592 | D:15     | Found a sacrificial altar of Ru.
 29019 | D:15     | Found a staircase to the Depths.
 29273 | D:15     | Received a gift from Trog
 30081 | Swamp:1  | Entered Level 1 of the Swamp
 30451 | Swamp:1  | Noticed Nikola
 30468 | Swamp:1  | Killed Nikola
 31207 | Swamp:2  | Reached skill level 15 in Fighting
 32313 | Swamp:3  | Reached skill level 20 in Axes
 32426 | Swamp:3  | Reached skill level 15 in Armour
 32431 | Swamp:3  | Received a gift from Trog
 32665 | Swamp:3  | Reached XP level 17. HP: 138/156 MP: 8/24
 32947 | Swamp:3  | Found a runed door.
 34874 | Swamp:4  | Entered Level 4 of the Swamp
 35062 | Swamp:4  | Noticed Louise
 35085 | Swamp:4  | Killed Louise
 35611 | Swamp:4  | Noticed the 27-headed Lernaean hydra
 35726 | Swamp:4  | Killed the 24-headed Lernaean hydra
 35726 | Swamp:4  | Reached skill level 21 in Axes
 36146 | Swamp:4  | Got a decaying rune of Zot
 36378 | Spider:1 | Entered Level 1 of the Spider Nest
 38339 | Spider:2 | Reached XP level 18. HP: 166/166 MP: 8/25
 38586 | Spider:2 | Reached skill level 15 in Dodging
 38970 | Spider:2 | Noticed Arachne
 38979 | Spider:2 | Killed Arachne
 39942 | Spider:3 | Noticed Agnes
 39953 | Spider:3 | Killed Agnes
 40530 | Spider:4 | Entered Level 4 of the Spider Nest
 41415 | Spider:4 | Reached skill level 22 in Axes
 42012 | Spider:4 | Received a gift from Trog
 42432 | Spider:4 | Paralysed by a hornet for 3 turns
 42670 | Spider:4 | Got a gossamer rune of Zot
 43143 | Vaults:1 | Entered Level 1 of the Vaults
 43700 | Vaults:1 | Reached XP level 19. HP: 177/177 MP: 8/26
 44241 | D:13     | You paid a toll of +3 ice dragon scales to enter a treasure trove
 44242 | Trove    | Entered a treasure trove
 44245 | Trove    | Found the +7 longbow "Piercer" {penet, EV-2}
 44247 | Trove    | Got a pair of smoking boots
 44286 | D:13     | Identified the +1 pair of boots of the Monk {+Inv Dex-2 Slay+2} (You found it in a treasure trove)
 44886 | Vaults:1 | Noticed loralnil's ghost (adept MiFi)
 44908 | Vaults:1 | Killed loralnil's ghost
 45687 | Vaults:1 | Found Otiliris's Gadget Boutique.
 45895 | Vaults:2 | Reached skill level 23 in Axes
 46714 | Vaults:2 | Received a gift from Trog
 47704 | Vaults:2 | Found a staircase to the Crypt.
 47704 | Vaults:2 | Found a basalt altar of Yredelemnul.
 47705 | Vaults:2 | Found an ancient bone altar of Kikubaaqudgha.
 48858 | Vaults:3 | Received a gift from Trog
 49377 | Vaults:3 | Noticed Bai Suzhen
 49388 | Vaults:3 | Killed Bai Suzhen
 49395 | Vaults:3 | Reached XP level 20. HP: 128/187 MP: 7/27
 49669 | Vaults:3 | Noticed Boris
 49679 | Vaults:3 | Killed Boris
 50011 | Vaults:3 | Reached skill level 24 in Axes
 51320 | Vaults:4 | Found Gitt's Jewellery Shoppe.
 51451 | Vaults:4 | Received a gift from Trog
 52104 | Vaults:4 | Reached XP level 21. HP: 196/196 MP: 9/28
 52934 | Depths:1 | Entered Level 1 of the Depths
 53243 | Lair:5   | Reached skill level 25 in Axes
 53243 | Lair:5   | Received a gift from Trog
 53654 | Depths:1 | Found a gateway to Hell.
 53816 | Depths:1 | Noticed Mara
 53823 | Depths:1 | Noticed Megalobster's illusion
 54273 | Depths:1 | Killed Mara
 54992 | Depths:1 | Found a one-way gate leading to the halls of Pandemonium.
 55092 | Depths:1 | Noticed Sojobo
 55105 | Depths:1 | Killed Sojobo
 55434 | Depths:2 | Found Qyusod's Antique Weapon Shoppe.
 55438 | Depths:2 | Found Omomiv's General Store.
 55439 | Depths:2 | Found Xisuqomi's Distillery.
 55444 | Depths:2 | Bought a potion of might for 92 gold pieces
 55446 | Depths:2 | Bought a potion of mutation for 144 gold pieces
 55446 | Depths:2 | Bought a potion of cancellation for 144 gold pieces
 55446 | Depths:2 | Bought a potion of might for 72 gold pieces
 55446 | Depths:2 | Bought a potion of haste for 180 gold pieces
 55446 | Depths:2 | Bought a potion of ambrosia for 144 gold pieces
 55446 | Depths:2 | Bought a potion of haste for 180 gold pieces
 56177 | Depths:2 | Noticed a golden dragon
 56184 | Depths:2 | Killed a golden dragon
 56248 | Depths:2 | Reached skill level 26 in Axes
 56851 | Depths:3 | Received a gift from Trog
 56881 | Depths:3 | Reached XP level 22. HP: 207/209 MP: 9/29
 56900 | Depths:3 | Noticed a juggernaut
 56911 | Depths:3 | Killed a juggernaut
 57366 | Depths:3 | Received a gift from Trog
 57933 | Depths:3 | Noticed Xtahua
 57945 | Depths:3 | Killed Xtahua
 58274 | Depths:3 | Found a one-way gate to the infinite horrors of the Abyss.
 58440 | Depths:3 | Found a blossoming altar of Fedhas.
 58451 | Depths:3 | Noticed a juggernaut
 58452 | Depths:3 | Noticed a caustic shrike
 58462 | Depths:3 | Killed a caustic shrike
 58463 | Depths:3 | Killed a juggernaut
 58492 | Depths:3 | Got a bloodstained hand axe {freeze}
 58493 | Depths:3 | Identified the cursed +3 hand axe "Asomafe" {freeze, rF- Str+6} (You took it off a spriggan air mage on level 3 of the Depths)
 58569 | Depths:3 | Got a slimy chain mail
 58573 | Depths:3 | Identified the +3 chain mail of Moesikh {+Fly} (You found it on level 3 of the Depths)
 59141 | Depths:4 | Noticed Mennas
 59157 | Depths:4 | Killed Mennas
 59308 | Depths:4 | Found a gateway to a ziggurat.
 59308 | Depths:4 | Noticed an ancient lich
 59322 | Depths:4 | Killed an ancient lich
 59604 | Depths:4 | Received a gift from Trog
 59832 | Depths:4 | Reached skill level 27 in Axes
 60429 | Depths:5 | Entered Level 5 of the Depths
 60657 | Depths:5 | Reached XP level 23. HP: 208/217 MP: 10/30
 61396 | Depths:5 | Found a runed gate.
 61396 | Depths:5 | Found a runed gate.
 61396 | Depths:5 | Found a runed gate.
 61396 | Depths:5 | Found a runed gate.
 61396 | Depths:5 | Found a runed gate.
 61396 | Depths:5 | Found a runed gate.
 61397 | Depths:5 | Found the +2 Maxwell's thermic engine {flame, freeze, rF- rC-}
 62369 | Depths:5 | Found a runed door.
 62369 | Depths:5 | Found a runed door.
 62547 | Depths:5 | Found a runed door.
 62699 | Depths:5 | Found a gate to the Realm of Zot.
 62763 | Depths:5 | Found a runed door.
 62818 | Depths:5 | Found a runed door.
 62822 | Depths:5 | Found a runed door.
 63548 | Slime:1  | Entered Level 1 of the Pits of Slime
 63556 | Slime:1  | Gained mutation: You have a somewhat thin skeletal structure. (Dex +2, Stealth) [a shining eye]
 63560 | Slime:1  | Gained mutation: You occasionally shout uncontrollably at your foes. [a shining eye]
 63579 | Slime:1  | Gained mutation: Scrolls take you a little longer to read. [a shining eye]
 63580 | Slime:1  | Gained mutation: You are dopey. (Int -2) [a shining eye]
 63581 | Slime:1  | Gained mutation: You are clumsy. (Dex -2) [a shining eye]
 63876 | Slime:2  | Gained mutation: Your body sometimes deteriorates upon taking damage. [a shining eye]
 63881 | Slime:2  | Gained mutation: You do not regenerate when monsters are visible. [a shining eye]
 63882 | Slime:2  | Gained mutation: Your magical capacity is low. (-10% MP) [a shining eye]
 64512 | Slime:1  | Gained mutation: Armour fits poorly on your strangely shaped body. [a shining eye]
 64812 | Slime:3  | Reached XP level 24. HP: 224/231 MP: 9/28
 65664 | Slime:4  | Received a gift from Trog
 66392 | Slime:5  | Entered Level 5 of the Pits of Slime
 66422 | Slime:4  | Lost mutation: You do not regenerate when monsters are visible. [potion of mutation]
 66422 | Slime:4  | Lost mutation: Your magical capacity is low. (-10% MP) [potion of mutation]
 66422 | Slime:4  | Lost mutation: You are clumsy. (Dex -2) [potion of mutation]
 66422 | Slime:4  | Lost mutation: Your body sometimes deteriorates upon taking damage. [potion of mutation]
 66422 | Slime:4  | Gained mutation: Your muscles are strong. (Str +2) [potion of mutation]
 66423 | Slime:4  | Lost mutation: You are dopey. (Int -2) [potion of mutation]
 66423 | Slime:4  | Lost mutation: Armour fits poorly on your strangely shaped body. [potion of mutation]
 66423 | Slime:4  | Lost mutation: Your muscles are strong. (Str +2) [potion of mutation]
 66423 | Slime:4  | Gained mutation: You have a pair of large horns on your head. [potion of mutation]
 66423 | Slime:4  | Gained mutation: You possess an exceptional clarity of mind. [potion of mutation]
 67133 | Slime:5  | Gained mutation: You sometimes yell uncontrollably at your foes. [a shining eye]
 67504 | Slime:5  | Lost mutation: You possess an exceptional clarity of mind. [potion of mutation]
 67504 | Slime:5  | Lost mutation: Scrolls take you a little longer to read. [potion of mutation]
 67504 | Slime:5  | Gained mutation: You are weak. (Str -2) [potion of mutation]
 67504 | Slime:5  | Gained mutation: Your spells are a little harder to cast, but a little more powerful. [potion of mutation]
 67550 | Slime:5  | Found a viscous altar of Jiyva.
 67557 | Slime:5  | Paralysed by a great orb of eyes for 6 turns
 67687 | Slime:5  | Noticed the Royal Jelly
 67696 | Slime:5  | Found the +27 Lear's hauberk
 67696 | Slime:5  | Found the +7 great mace "Undeadhunter" {disrupt, rN+}
 67698 | Slime:5  | Killed the Royal Jelly
 67801 | Slime:5  | Got a slimy rune of Zot
 67810 | Slime:5  | Got a steaming flail
 67906 | Slime:5  | Lost mutation: Your spells are a little harder to cast, but a little more powerful. [potion of mutation]
 67906 | Slime:5  | Lost mutation: You have a pair of large horns on your head. [potion of mutation]
 67906 | Slime:5  | Gained mutation: You can translocate small distances at will. [potion of mutation]
 67906 | Slime:5  | Gained mutation: Your flesh is cold resistant. (rC+) [potion of mutation]
 67906 | Slime:5  | Gained mutation: You are partially covered in iridescent scales. (AC +2) [potion of mutation]
 67909 | Slime:5  | Identified the +1 flail of Collusion {vamp, rN+ Str+4} (You found it on level 5 of the Pits of Slime)
 67962 | Slime:5  | Got a pair of steaming boots
 67973 | Slime:5  | Identified the cursed -2 pair of boots of Subjectivity {Int+5 Dex+2} (You found it on level 5 of the Pits of Slime)
 68397 | D:9      | Lost mutation: You sometimes yell uncontrollably at your foes. [potion of mutation]
 68397 | D:9      | Lost mutation: You can translocate small distances at will. [potion of mutation]
 68397 | D:9      | Lost mutation: You have a somewhat thin skeletal structure. (Dex +2, Stealth) [potion of mutation]
 68397 | D:9      | Lost mutation: You occasionally shout uncontrollably at your foes. [potion of mutation]
 68397 | D:9      | Gained mutation: Your magical capacity is low. (-10% MP) [potion of mutation]
 68397 | D:9      | Gained mutation: You are dopey. (Int -2) [potion of mutation]
 68397 | D:9      | Lost mutation: Your magical capacity is low. (-10% MP) [potion of mutation]
 68397 | D:9      | Lost mutation: You are dopey. (Int -2) [potion of mutation]
 68398 | D:9      | Lost mutation: You are weak. (Str -2) [potion of mutation]
 68398 | D:9      | Lost mutation: Your flesh is cold resistant. (rC+) [potion of mutation]
 68398 | D:9      | Lost mutation: You are partially covered in iridescent scales. (AC +2) [potion of mutation]
 68398 | D:9      | Gained mutation: Your muscles are strong. (Str +2) [potion of mutation]
 68398 | D:9      | Gained mutation: You evolve. [potion of mutation]
 68398 | D:9      | Gained mutation: Your mind is acute. (Int +2) [potion of mutation]
 68513 | Orc:2    | Bought an uncursed ring of positive energy for 300 gold pieces
 69083 | Vaults:5 | Entered Level 5 of the Vaults
 69106 | Vaults:5 | Reached ****** piety under Trog
 69106 | Vaults:5 | Received a gift from Trog
 69108 | Vaults:5 | Noticed an ancient lich
 69313 | Vaults:5 | Killed an ancient lich
 69860 | Vaults:5 | Gained mutation: Your muscles are very strong. (Str +4) [evolution]
 69890 | Vaults:5 | Reached XP level 25. HP: 238/243 MP: 11/33
 70033 | Vaults:5 | Reached skill level 15 in Evocations
 70527 | Vaults:5 | Received a gift from Trog
 70576 | Vaults:5 | Found Meulur's Antique Weapon Shop.
 70857 | Vaults:5 | Got a twitching steel amulet
 70862 | Vaults:5 | Got faintly humming fire dragon scales
 70866 | Vaults:5 | Identified the +8 fire dragon scales "Yhis Sai" {rElec rF++ rC- Str+4 Dex+5 Stlth+} (You took it off a yaktaur captain on level 5 of the Vaults)
 70867 | Vaults:5 | Identified the amulet of Foolhardiness {Reflect rF+ SH+3} (You took it off a yaktaur captain on level 5 of the Vaults)
 70995 | Vaults:5 | Got a silver rune of Zot
 71013 | Vaults:5 | Got a bound lapis lazuli ring
 71020 | Vaults:5 | Identified the ring of Iblirir {rPois rF+ rC+ rN+ Str-4} (You found it on level 5 of the Vaults)
 71115 | Vaults:5 | Got a jewelled war axe {freeze}
 71526 | D:9      | Identified the cursed +0 war axe "Qeinemow" {freeze, rN+} (You took it off a deep elf sorcerer on level 5 of the Vaults)
 72577 | Vaults:5 | Got a pair of ancient boots
 72587 | Vaults:5 | Got a brightly glowing chain mail
 72589 | Vaults:5 | Got a smoking chain mail
 72590 | Vaults:5 | Identified the +2 pair of boots "Wuodwy" {+Fly Dex+2} (You found it on level 5 of the Vaults)
 72591 | Vaults:5 | Identified the cursed +0 chain mail of Hedging {Dex+4} (You found it on level 5 of the Vaults)
 72592 | Vaults:5 | Identified the cursed +0 chain mail of Bashruraq {rC+} (You found it on level 5 of the Vaults)
 73603 | Zot:1    | Entered Level 1 of the Realm of Zot
 74500 | Zot:1    | Gained mutation: Your system is resistant to poisons. (rPois) [evolution]
 74567 | Zot:1    | Received a gift from Trog
 75025 | Zot:2    | Noticed an orb of fire
 75040 | Zot:2    | Gained mutation: Your body sometimes deteriorates upon taking damage. [an orb of fire]
 75043 | Zot:2    | Gained mutation: You expend magic power (3 MP) to strengthen your wands. [an orb of fire]
 75047 | Zot:2    | Lost mutation: Your muscles are very strong. (Str +4) [an orb of fire]
 75052 | Zot:2    | Lost mutation: Your muscles are strong. (Str +2) [an orb of fire]
 75055 | Zot:2    | Killed an orb of fire
 75055 | Zot:2    | Reached XP level 26. HP: 227/256 MP: 11/33
 76734 | Zot:3    | Found a transporter.
 76735 | Zot:3    | Found the +0 mask of the Dragon {MR+ Slay+3 SInv}
 76763 | Zot:3    | Found a transporter.
 77162 | Zot:3    | Found a burning altar of Makhleb.
 77586 | Zot:4    | Received a gift from Trog
 77613 | Zot:4    | HP: 3/387 [golden dragon (26)]
 77613 | Zot:4    | Slain by a golden dragon

Skill      XL: |  1  2  3  4  5  6  7  8  9 10 11 12 13 14 15 16 17 18 19 20 21 22 23 24 25 26 |
---------------+-------------------------------------------------------------------------------+-----
Axes           | 4 5 7 8 9 10 12 13 14 15 17 18 20 21 22 23 24 26 27 | 27.0
Fighting       | 4 5 6 7 8 9 10 11 12 14 15 16 17 18 19 20 22 23 24 25 | 25.3
Armour         | 3 4 5 6 7 8 9 10 11 12 14 15 16 17 18 19 20 21 22 23 24 | 24.1
Dodging        | 3 4 5 6 7 9 10 11 12 14 15 16 17 18 19 21 23 24 | 24.7
Evocations     | 1 4 6 8 9 10 11 13 14 15 16 | 16.4

Action                   |  1- 3 |  4- 6 |  7- 9 | 10-12 | 13-15 | 16-18 | 19-21 | 22-24 | 25-27 || total
-------------------------+-------+-------+-------+-------+-------+-------+-------+-------+-------++-------
Melee: Hand axe          |    42 |       |       |       |       |       |       |       |       ||    42
       Headbutt          |     7 |     6 |    33 |   110 |   247 |   324 |   263 |   287 |   210 ||  1487
       War axe           |    30 |    48 |   108 |       |       |       |       |       |       ||   186
       Battleaxe         |       |       |    97 |   421 |   750 |       |       |       |       ||  1268
       Flail             |       |       |       |    25 |     2 |       |       |       |       ||    27
       Great mace        |       |       |       |    17 |       |       |       |       |       ||    17
       Broad axe         |       |       |       |       |   239 |   134 |       |       |       ||   373
       Executioner's axe |       |       |       |       |   169 |  1129 |  1007 |   978 |   653 ||  3936
Invok: Berserk           |     2 |     1 |     9 |    16 |    23 |    28 |    32 |    32 |    15 ||   158
       Trog's Hand       |       |     2 |     6 |    11 |    25 |    40 |    39 |    37 |    22 ||   182
       Burn Spellbooks   |       |       |     2 |       |     5 |     6 |     2 |     5 |     6 ||    26
       Brothers in Arms  |       |       |       |     4 |     5 |     6 |     7 |     3 |     7 ||    32
 Abil: Evoke Invisibilit |       |       |       |       |       |       |     1 |     1 |       ||     2
Evoke: Wand              |       |       |       |     6 |     3 |    65 |    13 |    22 |    11 ||   120
       Lightning rod     |       |       |       |       |     2 |     8 |       |       |       ||    10
  Use: Scroll            |       |       |    13 |    14 |     7 |    18 |     7 |    11 |    10 ||    80
       Potion            |       |       |       |     1 |    11 |    13 |     4 |    16 |     5 ||    50
 Stab: Distracted        |       |       |       |       |     1 |       |     1 |     1 |     1 ||     4
       Invisible         |       |       |       |       |    12 |       |     1 |     3 |       ||    16
       Petrifying        |       |       |       |       |       |     1 |     1 |       |       ||     2
       Paralysed         |       |       |       |       |       |     4 |       |     1 |       ||     5
       Petrified         |       |       |       |       |       |       |     1 |       |       ||     1
  Eat: Chunk             |     3 |     2 |     9 |    16 |    74 |    81 |    91 |    57 |    14 ||   347
       Ration            |       |       |     6 |     7 |     5 |     6 |       |    10 |     9 ||    43
Armor: Ring mail         |    24 |    17 |    67 |       |     4 |       |       |       |       ||   112
       Animal skin       |     2 |       |       |       |       |       |       |       |       ||     2
       Plate armour      |       |       |       |   261 |   650 |   967 |   512 |   464 |       ||  2854
       Skin              |       |       |       |       |    18 |       |       |       |    52 ||    70
       Storm dragon scal |       |       |       |       |       |       |       |    63 |    42 ||   105
       Fire dragon scale |       |       |       |       |       |       |       |       |   209 ||   209
Dodge: Dodged            |    45 |    40 |   146 |   223 |   722 |  1044 |   669 |   714 |   710 ||  4313
Block: Other             |       |       |       |       |       |       |       |       |    68 ||    68
       Reflection        |       |       |       |       |       |       |       |       |     1 ||     1
